 Dungeon Crawl Stone Soup version 0.31.0-11-ge490571c62 (webtiles) character file.

Game seed: 5787814036143355548

7 GloriousHammer the Sneak (level 2, -1/24 HPs)
             Began as a Formicid Delver on Jan 30, 2024.
             Splashed by a jelly's acid (8 damage)
             ... on level 5 of the Dungeon.
             The game lasted 00:00:52 (242 turns).

GloriousHammer the Sneak (Formicid Delver)           Turns: 242, Time: 00:00:52

Health: -1/24      AC: -5    Str: 16    XL:     2   Next: 10%
Magic:  2/2        EV: 12    Int:  9    God:
Gold:   12         SH:  0    Dex: 15    Spells: 1/1 levels left

rFire   . . .        a - +0 spear
rCold   . . .        (no shield)
rNeg    . . .        b - +0 leather armour
rPois   .            (helmet unavailable)
rElec   .            (no cloak)
rCorr   .            (no gloves)
SInv    +            (no boots)
Will    .....        (no amulet)
Stlth   +++          (no ring)
HPRegen 0.24/turn    (no ring)
MPRegen 0.08/turn

%: no passive effects
@: corroded
A: permanent stasis, dig shafts and tunnels, antennae 3, four strong arms
a: Dig, Shaft Self


You were on level 5 of the Dungeon.
You visited 1 branch of the dungeon, and saw 1 of its levels.

You collected 12 gold pieces.

Inventory:

Hand Weapons
 a - a +0 spear (weapon)
Armour
 b - a +0 leather armour (worn)
Wands
 f - a wand of digging (3)
Scrolls
 c - a scroll of fog
 d - a scroll of revelation
 e - a scroll of fear
 h - a scroll of silence {unknown}
Potions
 g - a potion of brilliance {unknown}


   Skills:
 - Level 3.2 Fighting
 + Level 2.7 Polearms
 - Level 1.7 Dodging
 - Level 6.0 Stealth


You had one spell level left.
You didn't know any spells.
Your spell library contained the following spells:

 Spells                   Type           Power      Damage    Failure   Level
 Arcjolt                  Conj/Air       0%         1d10      100%        5
 Maxwell's Capacitive Co  Air            0%         ∞         100%        8
 Vhi's Electric Charge    Tloc/Air       Unusable   N/A       N/A         4

Dungeon Overview and Level Annotations

Branches:
Dungeon (5/15)
 Temple: D:4-7

Altars:

Annotations:
D:5 exclusion: 3 gnolls, Eustachio


Innate Abilities, Weirdness & Mutations

You cannot be hasted, slowed, berserked, paralysed or teleported.
You can dig through walls and to a lower floor.
You have a pair of large antennae on your head. (SInv)
Your four strong arms can wield two-handed weapons with a shield.


Message History

Welcome, GloriousHammer the Formicid Delver.
Everyone else who sought the Orb of Zot has failed.
Will you be different?
Press ? for a list of commands and other information.
Found a purple potion.
Found a stone staircase leading down.
g - a purple potion You sense a monster nearby.
A shadow imp comes into view.
You reach to attack!
The helpless shadow imp fails to defend itself.
You hit the shadow imp.
The shadow imp is moderately wounded.
You hit the shadow imp.
The shadow imp is almost dead.
The shadow imp hits you but does no damage.
You hit the shadow imp but do no damage.
The shadow imp is almost dead.
The shadow imp gestures at you. Pain shoots through your body!
You closely miss the shadow imp.
The shadow imp is almost dead.
The shadow imp misses you.
You hit the shadow imp.
You kill the shadow imp!
You have reached level 2!
Unknown command.
You start resting.
HP restored.
Found a quarterstaff and a runed war axe.
Found a scroll labelled ZOVUFF ENESOTI and 12 gold pieces.
h - a scroll labelled ZOVUFF ENESOTI You now have 12 gold pieces.
You see here a +0 war axe of holy wrath.
Eustachio the Magnificent comes into view.
He is wielding a +0 falchion of freezing and wearing a +0 leather armour of cold resistance.
Press: ? - help, v - describe, . - travel A rock wall.
There is a stone staircase leading down here.
A gnoll sergeant and 4 gnolls come into view.
The gnoll sergeant is wielding a +1 heavy spear.
Found a hand axe.
Unknown command.
Placed new exclusion.
Press: ? - help, . - travel, g - get item You can't see that place. [Stash: a hand axe] [the floor.] Placed new exclusion.
You open the door.
There is an open door here.
You open the door.
There is an open door here.
A jelly comes into view.
Unknown command.
You see here Maxwell's Memoranda.
You pick up Maxwell's Memoranda and begin reading...
You add the spells Arcjolt and Maxwell's Capacitive Coupling to your library.
The jelly quivers.
There is an open door here.
You reach to attack!
You hit the jelly.
The jelly is lightly wounded.
You hit the jelly.
Your hands burn!
The jelly is moderately wounded.
The jelly closely misses you.
You hit the jelly.
Your hands burn!
The jelly is severely wounded.
The jelly closely misses you.
You hit the jelly.
Your hands burn!
The jelly is almost dead.
The jelly barely misses you.
You hit the jelly but do no damage.
Your hands burn!
The jelly is almost dead.
The jelly misses you.
You hit the jelly. The acid corrodes you!
Your hands burn!
The jelly is almost dead.
The jelly hits you.
* * * LOW HITPOINT WARNING * * *
The acid corrodes you!
You are splashed with acid!
You die...

#.# .. #.# .... #.#
... ..#
#####.#######.#
...........##.#
...........##.#######
...........J@.......#
...........##.#####.#
...........##.#
...........##.#
...........##.#
...........##.#
#############'### ##
#..............# #.#
.# #..............#
#.#


You could see a jelly.

Vanquished Creatures
  A shadow imp (D:5)
1 creature vanquished.

Notes
Turn   | Place    | Note
-------+----------+-------------------------------------------
     0 | D:5      | GloriousHammer the Formicid Delver began the quest for the
                  | Orb.
     0 | D:5      | Reached XP level 1. HP: 18/18 MP: 1/1
    43 | D:5      | Reached XP level 2. HP: 22/24 MP: 2/2
   123 | D:5      | Noticed Eustachio
   153 | D:5      | Noticed a gnoll sergeant
   242 | D:5      | Splashed by a jelly's acid

Illustrated notes

Levels and vault maps discovered:
D:5:      layout_basic, gammafunk_temple_overflow_forgotten, st_stairs_7,
          minivault_5, uniq_eustachio

Action                     || total
---------------------------++-------
  Melee: Spear             ||    11
   Stab: Sleeping          ||     1
 Armour: Leather armour    ||     2
  Dodge: Dodged            ||     5
